 Dungeon Crawl Stone Soup version 0.25.1-2-g60ff931df9 (webtiles) character file.

Game seed: 10999029228796404114

25 growler the Chiller (level 2, 0/20 HPs)
             Began as a Demigod Ice Elementalist on Oct 26, 2020.
             Slain by a worm (11 damage)
             ... on level 2 of the Dungeon.
             The game lasted 00:02:08 (1132 turns).

growler the Chiller (Demigod Ice Elementalist)      Turns: 1132, Time: 00:02:09

Health: 0/20       AC:  2    Str: 11    XL:     2   Next: 63%
Magic:  7/7        EV: 12    Int: 19    God:
Gold:   63         SH:  0    Dex: 16    Spells: 4/5 levels left

rFire    . . .     SeeInvis +   b - +0 dagger (speed)
rCold    . . .     Gourm    .   (no shield)
rNeg     . . .     Faith    .   a - +0 robe
rPois    .         Spirit   .   (no helmet)
rElec    .         Reflect  .   (no cloak)
rCorr    .         Harm     .   (no gloves)
MR       .....                  (no boots)
Stlth    ++........             (no amulet)
HPRegen  0.06/turn              z - ring of see invisible
MPRegen  0.10/turn              (no ring)

@: no status effects
A: high mp 1
a: no special abilities


You were on level 2 of the Dungeon.
You were not hungry.

You visited 1 branch of the dungeon, and saw 2 of its levels.

You collected 63 gold pieces.

Inventory:

Hand Weapons
 b - a +0 dagger of speed (weapon)
   (You took it off a kobold on level 1 of the Dungeon)
Armour
 a - a +0 robe (worn)
Jewellery
 z - a ring of see invisible (left hand)
   (You found it on level 1 of the Dungeon)
Scrolls
 f - a scroll of random uselessness {unknown}
 g - a scroll of remove curse {unknown}
 h - a scroll of blinking {unknown}
 j - a scroll of teleportation {unknown}
 k - a scroll of enchant weapon {unknown}
 m - a scroll of immolation {unknown}
Potions
 d - a potion of curing {unknown}
 i - a potion of berserk rage {unknown}
 l - a potion of stabbing {unknown}
Comestibles
 e - a ration {!d}


   Skills:
 - Level 1.7 Dodging
 - Level 1.7 Stealth
 - Level 2.0 Spellcasting
 + Level 4.3 Ice Magic


You had 4 spell levels left.
You knew the following spells:

 Your Spells              Type           Power        Failure   Level  Hunger
a - Freeze                Ice            ###.         2%          1    #......

Your spell library contained the following spells:

 Spells                   Type           Power        Failure   Level  Hunger
 Frozen Ramparts          Ice            ###...       9%          3    ###....
 Ozocubu's Armour         Chrm/Ice       ##......     21%         3    ###....
 Hailstorm                Conj/Ice       ##......     56%         4    #####..
 Summon Ice Beast         Ice/Summ       ##......     56%         4    #####..


Dungeon Overview and Level Annotations

Branches:
Dungeon (2/15)


Innate Abilities, Weirdness & Mutations

You have an increased reservoir of magic. (+10% MP)


Message History

You now have 25 gold pieces (gained 10).
Found a fuming sapphire potion.
l - a fuming sapphire potion
Found a mace.
You see here a mace.
Found 6 gold pieces.
Found 30 stones.
You now have 31 gold pieces (gained 6).
You see here a mace.
Found 16 gold pieces.
Found a scroll labeled OVORPH ELUP, a robe and a spear.
Found a robe.
You now have 47 gold pieces (gained 16).
m - a scroll labeled OVORPH ELUP You see here a spear.
You see here a spear.
Found a stone staircase leading down.
Found 16 gold pieces.
There is a stone staircase leading down here.
You now have 63 gold pieces (gained 16).
There is a stone staircase leading down here.
You see here a robe.
As you open the door, it creaks loudly!
There is an open door here.
There is an open door here.
Some of the chunks of flesh in your inventory have rotted away.
Done exploring.
Done exploring.
Eating a chunk of flesh.
You eat the chunk of flesh.
There is a stone staircase leading down here.
You climb downwards. 2 worms come into view.
There is a stone staircase leading up here.
You climb upwards.
There is a stone staircase leading down here.
Aim: a worm You freeze the worm.
Aim: a worm (moderately wounded)
You freeze the worm! The worm bites you.
Aim: a worm (severely wounded)
You freeze the worm.
You kill the worm!
You start resting.
You start resting.
There is a stone staircase leading down here.
You climb downwards.
The worm bites you!
There is a stone staircase leading up here.
The worm bites you!
Ouch! That really hurt!
You die...

#.
##.######
#.......#
#.......##.
#..........
#........#
#.......#
#..@....#
#...w...#
###.....#
........#
.......##
#.......#
##........
.......##


You could see a worm.

Vanquished Creatures
  A worm (D:1)
  A dart slug (D:1)
  3 bats (D:1)
  A giant cockroach (D:1)
  4 goblins (D:1)
  3 hobgoblins (D:1)
  A kobold (D:1)
  6 rats (D:1)
20 creatures vanquished.

Notes
Turn   | Place    | Note
-------+----------+-------------------------------------------
     0 | D:1      | growler the Demigod Ice Elementalist began the quest for
                  | the Orb.
     0 | D:1      | Reached XP level 1. HP: 14/14 MP: 5/5
   173 | D:1      | Reached skill level 4 in Ice Magic
   185 | D:1      | Reached XP level 2. HP: 7/20 MP: 5/7
  1132 | D:2      | Slain by a worm

Illustrated notes

Levels and vault maps discovered:
D:1:      ncdulo_lavacross, layout_loops_cross, minmay_pentomino_p2
D:2:      layout_rooms, uniq_jessica

Skill      XL: |  1 |
---------------+----+-----
Spellcasting   | 2 |  2.0
Ice Magic      | 4 |  4.3
Dodging        | |  1.7
Stealth        | |  1.7

Action                   || total
-------------------------++-------
Melee: Dagger            ||    61
 Cast: Freeze            ||    12
 Stab: Sleeping          ||     1
  Eat: Chunk             ||     1
Armor: Robe              ||    19
Dodge: Dodged            ||    33
